 Dungeon Crawl Stone Soup version 0.18.1-5-g4a78601 (webtiles) character file.

3525 tyvek the Covert (level 9, -2/39 HPs)
             Began as a Spriggan Enchanter on May 14, 2016.
             Was an Initiate of Gozag.
             Slain by a manticore (19 damage)
             ... on level 8 of the Dungeon.
             The game lasted 00:22:46 (10841 turns).

tyvek the Covert (Spriggan Enchanter)              Turns: 10841, Time: 00:22:47

Health: -2/39      AC:  4    Str:  5    XL:     9   Next: 81%
Magic:  24/30      EV: 25    Int: 18    God:    Gozag
Gold:   616        SH:  0    Dex: 21    Spells: 5 memorised, 10 levels left

rFire  . . .     SeeInvis +     a - +2 dagger (elec)
rCold  . . .     Gourm    .     s - +2 robe
rNeg   + + .     Faith    .     (shield restricted)
rPois  +         Spirit   .     (helmet restricted)
rElec  .         Dismiss  .     (no cloak)
rCorr  .         Reflect  .     (gloves unavailable)
SustAt .         Harm     .     (boots unavailable)
MR     +....                    (no amulet)
Stlth  +++++.....               D - ring of Qaesh {rPois rN++ MP+9 Dex+4, HOLY BALLS}
                                k - ring of flight {+Fly, !d}

@: very quick, somewhat resistant to hostile enchantments, quite stealthy
A: unfitting armour, see invisible, herbivore 3, speed 3, slow metabolism 2
a: Potion Petition, Call Merchant, Bribe Branch, Renounce Religion, Evoke Flight


You were on level 8 of the Dungeon.
You worshipped Gozag.
Gozag was noncommittal.
You were not hungry.

You visited 1 branch of the dungeon, and saw 9 of its levels.
You also visited: Ossuary.

You collected 1149 gold pieces.
You spent 513 gold pieces at shops.
You paid 20 gold pieces to Gozag.

Inventory:

Hand Weapons
 a - a +2 dagger of electrocution (weapon)
   (You took it off an orc wizard on level 8 of the Dungeon)
 b - a +0 blowgun
   (You took it off a kobold on level 3 of the Dungeon)
Missiles
 o - 6 curare-tipped needles
 t - 74 poisoned needles
Armour
 s - a +2 robe (worn)
Jewellery
 k - a ring of flight (left hand) {+Fly, !d}
   (You found it on level 2 of the Dungeon)
 D - the ring of Qaesh (right hand) {rPois rN++ MP+9 Dex+4, HOLY BALLS}
   (You found it on level 9 of the Dungeon)

   [ring of magical power]

   It affects your dexterity (+4).
   It protects you from poison.
   It greatly protects you from negative energy.
   It affects your magic capacity (+9).
Wands
 f - a wand of acid (9/15)
   (You found it on level 2 of the Dungeon)
 u - a wand of acid (9/15)
   (You found it on level 3 of the Dungeon)
Scrolls
 c - 2 scrolls of recharging
 d - a scroll of amnesia
 m - 3 scrolls of remove curse
 q - 4 scrolls of enchant armour
 v - 3 scrolls of teleportation
 x - a scroll of enchant weapon
 y - a scroll of fog
 F - a scroll of identify
 I - a scroll of magic mapping {!r}
Potions
 e - 2 potions of heal wounds
 g - 6 potions of curing
 h - a potion of cancellation
 i - 2 potions of flight
 l - a potion of cure mutation {!q}
 n - a potion of haste
 w - a potion of lignification {unknown}
 z - a potion of resistance
 A - 2 potions of berserk rage {!q}
 B - 3 potions of magic
 C - a potion of invisibility
 H - a potion of mutation {unknown}
Comestibles
 j - 9 bread rations {@e1}
 p - 8 slices of pizza
 r - a royal jelly
 E - 14 fruits


   Skills:
 * Level 8.7 Short Blades
 + Level 8.0 Dodging
 + Level 9.5 Stealth
 - Level 7.3 Spellcasting
 - Level 8.9 Hexes


You had 10 spell levels left.
You knew the following spells:

 Your Spells              Type           Power        Failure   Level  Hunger
a - Ensorcelled Hibernat  Hex/Ice        ###...       2%          2    None
b - Tukima's Dance        Hex            #####...     1%          3    #......
c - Confuse               Hex            #####...     1%          3    #......
d - Dazzling Spray        Conj/Hex       ###.....     6%          3    #......
v - Corona                Hex            #####..      1%          1    None


Dungeon Overview and Level Annotations

Branches:
Dungeon (9/15)             Temple (0/1) D:5
   Lair: D:8-11         Orc: D:9-12

Altars:
Dithmenos
Fedhas
Gozag
Kikubaaqudgha
Makhleb
Nemelex Xobeh
Okawaru
Pakellas
Trog
Xom
The Shining One

Shops:
D:4 :   D:8 %(}(*


Innate Abilities, Weirdness & Mutations

You are tiny and cannot use many weapons and most armour.
You have supernaturally acute eyesight.
You are a herbivore.
You cover ground extremely quickly.
You need consume almost no food.


Message History

The helpless water moccasin skeleton fails to defend itself.
You spit the water moccasin skeleton like a pig!!!!
There is a sudden explosion of sparks!
You destroy the water moccasin skeleton!
The helpless iguana fails to defend itself.
You skewer the iguana like a kebab!!!!
You kill the iguana!
You now have 600 gold pieces (gained 9).
There is an escape hatch in the ceiling here.
You now have 608 gold pieces (gained 8).
G - a book of the Earth MP restored: 21
Okay, then.
Drop what? 35/52 slots (_ for help) (? for menu, Esc to quit)
You drop a Young Poisoner's Handbook.
You drop a book of the Earth.
You now have 616 gold pieces (gained 8).
You open the door.
There is an open door here.
Found a stone staircase leading down.
D - an ancient turquoise ring Put on which piece of jewellery? (? for menu, Esc to quit)
You feel your magic capacity increase.
You feel agile.
D - the ring of Qaesh (right hand) {rPois rN++ MP+9 Dex+4} You start resting.
MP restored: 30 Inscribe with what?
HOLY BALLS Done exploring.
Done exploring.
Done exploring.
You aren't carrying or standing over any spellbooks.
(D) Dungeon (T) Temple
Where to? (Enter - D:8 @ (x,y), ? - help)
Okay, then.
Done exploring.
Unknown command.
You see here 7 needles of confusion.
Okay, then.
Done exploring.
Done exploring.
Done exploring.
Done exploring.
Done exploring.
(D) Dungeon (T) Temple
Where to? (Enter - D:8 @ (x,y), ? - help)
There is an open door here.
There is an open door here.
There is a stone staircase leading up here.
You climb upwards.
There is a stone staircase leading down here.
You see here a steel tomahawk.
There is a stone staircase leading down here.
You climb downwards.
The manticore completely misses you.
The manticore claws you but does no damage.
The manticore barely misses you.
The orc shouts!
There is a stone staircase leading up here.
Aim: a manticore (chance to defeat MR: 34%)
The manticore easily resists.
The orc warrior shouts!
The orc shouts!
You hear a shout!
The manticore barely misses you. The manticore completely misses you.
The manticore closely misses you. The orc misses you.
You now have 28/30 mp.
The orc shouts!
You hit the manticore but do no damage. The manticore closely misses you.
The manticore completely misses you. x2
You don't know that spell.
Aim: a manticore (chance to defeat MR: 34%)
The manticore easily resists.
The orc barely misses you.
The manticore completely misses you. x2; The manticore barely misses you.
You now have 26/30 mp.
Aim: a manticore (chance to defeat MR: 34%)
The manticore easily resists.
The orc completely misses you. The orc hits you with a falchion!
The manticore barely misses you. x2
The manticore claws you but does no damage.
You take 9 damage, and have 30/39 hp.
MASSIVE DAMAGE!!
You now have 24/30 mp.
The orc wizard gestures at you while chanting.
The magic dart hits you! The orc hits you but does no damage.
The orc closely misses you. The manticore bites you!
* * * LOW HITPOINT WARNING * * *
The manticore barely misses you. x2
You climb upwards.
There is a stone staircase leading down here.
You take 19 damage, and have 11/39 hp.
MASSIVE DAMAGE!!
Drink which item? (? for menu, Esc to quit)
You feel much better.
The orc closely misses you. x2; The manticore bites you!
The manticore completely misses you. The manticore misses you.
You regained 5 hp, and now have 16/39 hp.
You hit the manticore.
There is a sudden explosion of sparks!
The orc misses you.
Aim: a manticore (moderately wounded, chance to defeat MR: 34%)
The manticore easily resists.
The manticore bites you!!
You die...
Your body crumbles into a pile of gold.

#....................)........
#....#....................[..#
#......#######................
#.........## #....>.......^...
#########..###.............###
##>.#(.o###.......).#
##..o.............)#
###H#.#...........##
##@#.#............)
#([#....#.........#
#####.[.....#.#######..
###.(.......###.# ###
###.....#.##.## #.# #
#...#........# #.#
#####........# #.## #........#
#..# #........#####.# ##


You could see a manticore and 2 orcs.

Vanquished Creatures
  Prince Ribbit (D:5)
  A wraith (Ossuary)
  3 hogs (D:8)
  A human (D:8)
  An ice beast (D:8)
  A sky beast (D:6)
  4 ogres
  A phantom (D:6)
  The ghost of PoisonMushroom the Shield-Bearer, an amateur HaFi (D:6)
  3 centaurs
  2 giant frogs
  A gnoll sergeant (D:7)
  A water moccasin skeleton (D:9)
  3 scorpions
  A howler monkey (D:6)
  2 centaur zombies
  3 crimson imps
  A human zombie (D:6)
  12 hounds
  2 orc priests
  3 human skeletons (D:6)
  An iguana (D:9)
  2 orc wizards
  8 worker ants
  A sheep (D:8)
  A hound skeleton (D:4)
  3 mummies (Ossuary)
  10 adders
  A howler monkey skeleton (D:8)
  2 shadow imps
  3 oozes
  2 adder skeletons
  5 worms
  6 giant geckos
  17 orcs
  6 bats
  2 bat zombies (D:5)
  4 giant cockroaches
  A gnoll zombie (Ossuary)
  6 goblins
  8 hobgoblins
  5 jackals
  4 quokkas
  2 ball pythons
  A giant gecko skeleton (D:4)
  8 giant newts
  3 goblin zombies (Ossuary)
  A hobgoblin zombie (Ossuary)
  4 kobolds
  3 kobold zombies (Ossuary)
  3 orc zombies
  15 rats
186 creatures vanquished.

Notes
Turn   | Place    | Note
--------------------------------------------------------------
     0 | D:1      | tyvek the Spriggan Enchanter began the quest for the Orb.
     0 | D:1      | Reached XP level 1. HP: 9/9 MP: 5/5
   247 | D:1      | Reached skill level 3 in Spellcasting
   376 | D:1      | Reached XP level 2. HP: 13/13 MP: 7/7
   380 | D:1      | Learned a level 2 spell: Ensorcelled Hibernation
  1392 | D:2      | Reached skill level 4 in Hexes
  1396 | D:2      | Noticed a moth of wrath
  1399 | D:2      | Found a bloodstained altar of Trog.
  1561 | D:2      | Reached skill level 4 in Spellcasting
  1561 | D:2      | Reached XP level 3. HP: 16/16 MP: 7/9
  2319 | D:2      | Reached XP level 4. HP: 21/21 MP: 11/11
  2324 | D:2      | Learned a level 3 spell: Confuse
  2328 | D:2      | Learned a level 3 spell: Tukima's Dance
  2332 | D:2      | Learned a level 3 spell: Dazzling Spray
  3002 | D:3      | Reached skill level 5 in Spellcasting
  3158 | D:3      | Found an opulent altar of Gozag.
  3171 | D:3      | Became a worshipper of Gozag Ym Sagoz the Greedy
  3533 | D:3      | Reached skill level 5 in Hexes
  3945 | D:3      | Reached XP level 5. HP: 24/24 MP: 10/13
  4213 | D:4      | HP: 6/24 [poisoned by a worker ant]
  4221 | D:4      | HP: 5/24 [poisoned by a worker ant]
  4491 | D:4      | Noticed an ogre
  4525 | D:4      | Killed an ogre
  4525 | D:4      | Reached skill level 6 in Hexes
  4525 | D:4      | Reached XP level 6. HP: 28/28 MP: 7/15
  4546 | D:4      | Reached skill level 6 in Spellcasting
  5020 | D:4      | Found Ziecefue's Book Emporium.
  5074 | D:4      | Found a blossoming altar of Fedhas.
  5189 | D:5      | Entered Level 5 of the Dungeon
  5340 | D:5      | Reached skill level 7 in Hexes
  5620 | D:5      | Noticed Prince Ribbit
  5660 | D:5      | Killed Prince Ribbit
  5660 | D:5      | Reached skill level 7 in Spellcasting
  5660 | D:5      | Reached skill level 8 in Hexes
  5660 | D:5      | Reached XP level 7. HP: 30/32 MP: 7/18
  6240 | D:5      | Found a staircase to the Ecumenical Temple.
  6265 | D:5      | Found a shadowy altar of Dithmenos.
  6318 | D:5      | HP: 8/32 [crimson imp/quarterstaff (3)]
  6519 | D:5      | Reached skill level 2 in Short Blades
  6521 | D:5      | Found an ancient bone altar of Kikubaaqudgha.
  6584 | D:5      | Reached XP level 8. HP: 31/36 MP: 12/20
  6751 | D:5      | You fall through a shaft!
  6789 | D:6      | Reached skill level 3 in Short Blades
  6789 | D:6      | Reached skill level 5 in Stealth
  7017 | D:6      | Reached skill level 4 in Dodging
  7149 | D:6      | Found a sand-covered staircase.
  7173 | Ossuary  | Entered an ossuary
  7480 | Ossuary  | Reached skill level 4 in Short Blades
  7480 | Ossuary  | Reached skill level 6 in Stealth
  7883 | D:6      | Found an iron altar of Okawaru.
  7899 | D:6      | Reached skill level 5 in Dodging
  7965 | D:6      | Reached skill level 5 in Short Blades
  8106 | D:6      | Reached skill level 7 in Stealth
  8227 | D:6      | Noticed PoisonMushroom's ghost (amateur HaFi)
  8260 | D:6      | Killed PoisonMushroom's ghost
  8435 | D:6      | Reached skill level 6 in Short Blades
  8435 | D:6      | Reached skill level 6 in Dodging
  8435 | D:6      | Reached XP level 9. HP: 39/39 MP: 16/21
  8790 | D:7      | Found a glowing golden altar of the Shining One.
  8793 | D:7      | Found a shimmering altar of Xom.
  8796 | D:7      | Found an oddly glowing altar of Pakellas.
  9350 | D:7      | Reached skill level 7 in Short Blades
  9350 | D:7      | Reached skill level 8 in Stealth
  9353 | D:7      | Found a bloodstained altar of Trog.
  9790 | D:8      | Found Saebbur's Antique Weapon Shop.
  9798 | D:8      | Bought a runed short sword for 81 gold pieces
  9813 | D:8      | Found Ymu Edutz's Food Shop.
  9823 | D:8      | Bought a bread ration for 60 gold pieces
  9823 | D:8      | Bought a slice of pizza for 18 gold pieces
  9823 | D:8      | Bought a bread ration for 60 gold pieces
  9823 | D:8      | Bought 2 fruits for 36 gold pieces
  9823 | D:8      | Bought a bread ration for 60 gold pieces
  9823 | D:8      | Bought a royal jelly for 24 gold pieces
  9823 | D:8      | Bought a bread ration for 60 gold pieces
  9823 | D:8      | Bought 3 fruits for 54 gold pieces
  9823 | D:8      | Bought a bread ration for 60 gold pieces
  9836 | D:8      | Found Imuywk's Gadget Shop.
  9997 | D:8      | Reached skill level 7 in Dodging
 10130 | D:8      | Reached skill level 8 in Short Blades
 10140 | D:8      | Reached skill level 9 in Stealth
 10294 | D:8      | Found Vovveim's Weapon Emporium.
 10299 | D:8      | Found Uthuq's Assorted Antiques.
 10466 | D:8      | Found a burning altar of Makhleb.
 10466 | D:8      | Found a sparkling altar of Nemelex Xobeh.
 10486 | D:8      | Reached skill level 8 in Dodging
 10672 | D:9      | Noticed a hill giant
 10673 | D:9      | Noticed a manticore
 10747 | D:9      | Got an ancient turquoise ring
 10748 | D:9      | Identified the ring of Qaesh {rPois rN++ MP+9 Dex+4} (You found it on level 9 of the Dungeon)
 10841 | D:8      | Slain by a manticore

Skill      XL: |  1  2  3  4  5  6  7  8  9 |
---------------+----------------------------+-----
Spellcasting   | 3 4 5 7 |  7.3
Hexes          | 4 5 6 8 |  8.9
Short Blades   | 2 6 8 |  8.7
Stealth        | 7 9 |  9.5
Dodging        | 6 8 |  8.0

Action                   |  1- 3 |  4- 6 |  7- 9 || total
-------------------------+-------+-------+-------++-------
Melee: Dagger            |   114 |   222 |   312 ||   648
 Fire: Hunting sling     |     8 |       |       ||     8
 Cast: Corona            |     5 |       |       ||     5
       Ensorcelled Hiber |    18 |    55 |    83 ||   156
       Confuse           |       |     5 |    29 ||    34
  Use: Scroll            |       |    10 |    11 ||    21
       Potion            |       |       |    10 ||    10
 Stab: Sleeping          |    17 |    46 |    59 ||   122
       Distracted        |       |     1 |     3 ||     4
       Confused          |       |     5 |    20 ||    25
  Eat: Bread ration      |       |     1 |     1 ||     2
       Royal jelly       |       |       |     1 ||     1
Armor: Robe              |    20 |    22 |    25 ||    67
Dodge: Dodged            |    99 |   149 |   236 ||   484

Vault maps used:
D:1:      dpeg_arrival_leaves_temple_mockup
D:2:      st_stairs_7, tgw_trog
D:3:      grunt_gozag_statues
D:4:      fedhas_altar_1, first_bread, serial_shops, nicolae_shop_behind_doors
D:5:      grunt_dithmenos_smoke_and_mirrors, lemuel_zombie_altar_kikubaaqudgha,
          minmay_temple_entry_statues_pillars, uniq_prince_ribbit1
D:6:      basic_altar, nicolae_ossuary_entry_catacombs
D:7:      marbit_many_paths, grunt_temple_overflow_diamond
D:8:      gammafunk_temple_overflow_wave, serial_shops, shop_fountains,
          nicolae_shop_competitors_out_of_business, shop, nicolae_shop_trees,
          shop, grunt_livestock
D:9:      minmay_diamond_stairs, minmay_variable_closet, hex_intersection,
          uniq_joseph
Ossuary:  ossuary_kennysheep_city_of_the_dead

Table legend:
 A = Turns spent in this place as a percentage of turns spent in the entire game.
 B = Non-inter-level travel turns spent in this place as a percentage of non-inter-level travel turns spent in the entire game.
 C = Inter-level travel turns spent in this place as a percentage of turns spent in this place.
 D = Turns resting spent in this place as a percentage of non-inter-level travel turns spent in this place.
 E = Turns spent auto-exploring this place as a percentage of non-inter-level travel turns spent in this place.
 F = Non-inter-level travel turns spent in this place divided by the number of levels of this place that you've seen.
                   A       B       C       D       E      F
               +-------+-------+-------+-------+-------+----------------------
         Total | 100.0 | 100.0 |   0.4 |   4.0 |  10.0 | 336.4
       Dungeon |  92.6 |  92.6 |   0.4 |   4.1 |   9.8 | 346.1
       Ossuary |   7.4 |   7.4 |   0.0 |   1.6 |  12.9 | 249.0
               +-------+-------+-------+-------+-------+----------------------

Table legend:
 A = Kills in this place as a percentage of kills in entire the game.
 B = Kills by you in this place as a percentage of kills by you in the entire game.
 C = Kills by friends in this place as a percentage of kills by friends in the entire game.
 D = Other kills in this place as a percentage of other kills in the entire game.
 E = Experience gained in this place as a percentage of experience gained in the entire game.
 F = Experience gained in this place divided by the number of levels of this place that you have seen.
                   A       B       C       D       E      F
               +-------+-------+-------+-------+-------+----------------------
         Total | 100.0 | 100.0 |  -nan |  -nan | 100.0 | 503.6
       Dungeon |  93.0 |  93.0 |  -nan |  -nan |  94.6 | 529.4
       Ossuary |   7.0 |   7.0 |  -nan |  -nan |   5.4 | 271.0
               +-------+-------+-------+-------+-------+----------------------
